 Dungeon Crawl Stone Soup version 0.23.2-33-g5129a83184 (webtiles) character file.

Game seed: 2024340024046662143

9 MalarOregon the Grave Robber (level 2, -1/22 HPs)
             Began as a Ghoul Necromancer on July 15, 2019.
             Slain by a jackal (2 damage)
             ... on level 1 of the Dungeon.
             The game lasted 00:00:47 (453 turns).

MalarOregon the Grave Robber (Ghoul Necromancer)     Turns: 453, Time: 00:00:48

Health: -1/22      AC:  2    Str: 11    XL:     2   Next: 12%
Magic:  0/3        EV: 12    Int: 10    God:
Gold:   36         SH:  0    Dex:  9    Spells: 3/4 levels left

rFire    . . .     SeeInvis .   (no weapon)
rCold    + . .     Gourm    .   (no shield)
rNeg     + + +     Faith    .   a - +0 robe
rPois    ∞         Spirit   .   (no helmet)
rElec    .         Reflect  .   (no cloak)
rCorr    .         Harm     .   (no gloves)
MR       .....                  (no boots)
Stlth    ++........             (no amulet)
HPRegen  0.00/turn              (no ring)
MPRegen  0.08/turn              (no ring)

@: very slightly contaminated, rotting
A: rotting body, claws 1, carnivore, cold resistance 1, negative energy
resistance 3, inhibited regeneration, torment resistance, unbreathing
a: no special abilities


You were on level 1 of the Dungeon.
You were not hungry.

You visited 1 branch of the dungeon, and saw 1 of its levels.

You collected 36 gold pieces.

Inventory:

Armour
 a - a +0 robe (worn)
Jewellery
 h - an uncursed ring of stealth {unknown}
   (You found it on level 1 of the Dungeon)
Scrolls
 c - 2 scrolls of identify {unknown}
 d - a scroll of enchant armour {unknown}
 f - a scroll of fog {unknown}
Potions
 b - a potion of lignification {unknown}
 g - a potion of curing {unknown}
Comestibles
 e - 3 rations {!d}


   Skills:
 + Level 0.5 Fighting
 + Level 1.9 Dodging
 + Level 2.4 Stealth
 + Level 1.9 Spellcasting
 + Level 4.1 Necromancy


You had 3 spell levels left.
You knew the following spells:

 Your Spells              Type           Power        Failure   Level  Hunger
a - Pain                  Necr           #...         6%          1    ##.....

Your spell library contained the following spells:

 Spells                   Type           Power        Failure   Level  Hunger
 Animate Skeleton         Necr           N/A          6%          1    ##.....
 Vampiric Draining        Necr           #.........   19%         3    ####...
 Regeneration             Chrm/Necr      #.........   38%         3    ####...
 Animate Dead             Necr           N/A          52%         4    #####..


Dungeon Overview and Level Annotations

Branches:
Dungeon (1/15)

Altars:


Innate Abilities, Weirdness & Mutations

Your body is rotting away.
You thrive on raw meat.
You are immune to poison.
You have sharp fingernails.
You are carnivorous and can eat meat at any time.
Your flesh is cold resistant. (rC+)
You are immune to negative energy. (rN+++)
You do not regenerate when monsters are visible.
You are immune to unholy pain and torment.
You can survive without breathing.


Message History

The jackal barely misses you.
You barely miss the jackal. The jackal bites you.
You miss the jackal. The jackal completely misses you. The jackal bites you.
You scratch the jackal.
You kill the jackal!
You have reached level 2!
The bat barely misses you. The bat hits you but does no damage.
Aim: a bat (chance to defeat MR: 76%)
The bat writhes in agony.
You kill the bat!
Aim: a jackal (chance to defeat MR: 76%)
The jackal writhes in agony.
The jackal barely misses you. The jackal closely misses you.
Aim: a jackal (moderately wounded, chance to defeat MR: 76%)
The jackal barely resists.
The jackal bites you.
* * * LOW HITPOINT WARNING * * *
You are too injured to fight recklessly!
You are too injured to fight recklessly!
Okay, then.
You closely miss the jackal. The jackal bites you.
* * * LOW HITPOINT WARNING * * *
The jackal bites you but does no damage.
The jackal bites you.
* * * LOW HITPOINT WARNING * * *
You barely miss the jackal. The jackal closely misses you.
You scratch the jackal. The jackal bites you.
* * * LOW HITPOINT WARNING * * *
The jackal bites you.
* * * LOW HITPOINT WARNING * * *
The jackal misses you. The jackal closely misses you.
Unknown command.
Aim: a jackal (severely wounded, chance to defeat MR: 76%)
The jackal writhes in agony.
You kill the jackal!
Unknown command.
You closely miss the jackal. The jackal bites you.
* * * LOW HITPOINT WARNING * * *
The jackal bites you but does no damage.
The jackal misses you. The jackal bites you.
* * * LOW HITPOINT WARNING * * *
There is an open door here.
The jackal closely misses you. The jackal closely misses you.
Aim: a jackal (chance to defeat MR: 76%)
You miscast Pain.
You are very lightly contaminated with residual magic.
Strange energies run through your body. The jackal bites you.
You die...

#.# #.# ######## #.#
#......# #.# #......# #.#
#......# ##.### #......#
.....##########......####
.).......................
.).......##.....@hg..#
.........##.###......#
'###..§§.§#...#......######
.#...§§.≈§###.#......'....#
.#.#..≈.≈..##.#......####.#
##.#..≈..≈..#.#....### #.#
##.#..≈...≈.#.....## #g#
...#..≈...≈.§..##.# #.#
####.[....≈.§≈..#.# #.#


You could see a jackal and a hobgoblin.

Vanquished Creatures
  A hobgoblin (D:1)
  2 jackals (D:1)
  A ball python (D:1)
  3 bats (D:1)
  A goblin (D:1)
  A rat (D:1)
9 creatures vanquished.

Notes
Turn   | Place    | Note
-------+----------+-------------------------------------------
     0 | D:1      | MalarOregon the Ghoul Necromancer began the quest for the
                  | Orb.
     0 | D:1      | Reached XP level 1. HP: 14/14 MP: 2/2
   426 | D:1      | Reached XP level 2. HP: 13/22 MP: 3/3
   447 | D:1      | HP: 1/22 [jackal (1)]
   453 | D:1      | Slain by a jackal

Action                   || total
-------------------------++-------
Melee: Unarmed           ||    33
 Cast: Pain              ||     4
  Eat: Chunk             ||     1
Armor: Robe              ||    11
Dodge: Dodged            ||    32
